AoeStats
← joeyvankoningsbruggen

Arabian Desert

510169254Analyzed
1v1 RM · 3d ago on Sep 29, 2026· 34m 37s· 2 players
Game mode
Random Map
Map size
Tiny (2 player)
Population
200
Speed
Normal
Resources
Standard
Victory
Conquest
Starting age
Dark Age
Ending age
Imperial Age
RankedLock teamsTeams togetherTeam positionsShared explorationLock speedFull tech treeHidden civsTurbo modeCheats
Victory
Defeat
🇲🇹 Romans · Malta
1182
+17
🇹🇷 Burmese · Türkiye
1207
-17
joeyvankoningsbruggen
9:35 Feudal Age
10:10 Double-Bit Axe
9:50 Man-at-Arms
10:56 Loom
16:50 Wheelbarrow
17:23 Scale Mail Armor
17:36 Horse Collar
24:48 Castle Age
24:12 Forging
23:54 Fletching
25:47 Hand Cart
24:59 Pikeman
25:40 Squires
26:05 Chain Mail Armor
27:00 Long Swordsman
28:26 Iron Casting
28:19 Town Watch
30:08 Bow Saw
30:23 Stone Mining
XceeS
6:13 Loom
9:01 Feudal Age
22:14 Castle Age
25:43 Husbandry
30:22 Fletching
31:56 Bodkin Arrow
33:47 Scale Barding Armor
Connection lost

Rejoining the realm…

Still unreachable

The connection could not be restored.

Session expired

The server has moved on; the page needs a fresh start.